 Dungeon Crawl Stone Soup version 0.27-a0-637-g3a9f0a9c12 (webtiles) character file.

Game seed: 7995393128676186083

166474 jasper the Imperceptible (level 17, -7/85 HPs)
             Began as a Spriggan Enchanter on Mar 14, 2021.
             Was the Champion of Dithmenos.
             Blown up by an orb spider (37 damage)
             ... with an orb of destruction
             ... on level 1 of the Spider Nest.
             The game lasted 01:27:22 (33524 turns).

jasper the Imperceptible (Spriggan Enchanter)      Turns: 33524, Time: 01:27:23

Health: -7/85      AC: 11    Str:  4    XL:     17   Next: 29%
Magic:  2/28       EV: 24    Int: 38    God:    Dithmenos [******]
Gold:   650        SH: 11    Dex: 15    Spells: 4/30 levels left

rFire    . . .     SeeInvis +   y - +7 dagger (freeze)
rCold    + + .     Faith    .   Y - +3 buckler {reflect}
rNeg     + . .     Spirit   .   Q - +2 robe {rF+}
rPois    +         Reflect  +   X - +0 hat of a volcano {rC++}
rElec    .         Harm     .   B - +2 cloak "Qoucyqi" {rF- Regen+ Int+8}
rCorr    .         Rampage  .   (gloves unavailable)
Will     ++...                  (boots unavailable) Stlth ******++++
                                r - macabre finger necklace {rN+}
HPRegen  1.24/turn              p - +6 ring of intelligence
MPRegen  0.21/turn              c - ring of poison resistance
                                M - +4 ring of protection

@: wreathed by umbra, very quick
A: very small, no large weapons, unfitting armour, see invisible, speed 3
a: Renounce Religion, Shadow Step, Shadow Form


You were on level 1 of the Spider Nest.
You worshipped Dithmenos.
Dithmenos was exalted by your worship.
You visited 4 branches of the dungeon, and saw 24 of its levels.
You also visited: Gauntlet and Ice Cave.

You collected 3274 gold pieces.
You spent 2624 gold pieces at shops.

Inventory:

Hand Weapons
 y - a +7 dagger of freezing (weapon)
Missiles
 n - 5 throwing nets
 q - 8 atropa-tipped darts
 A - 38 boomerangs
Armour
 a - the +0 buckler of the Monkey's Uncle {rCorr MP+9 Str+4}
   (You found it on level 6 of the Lair of Beasts)

   It affects your strength (+4).
   It affects your magic capacity (+9).
   It provides partial protection from all sources of acid and corrosion.
 B - the +2 cloak "Qoucyqi" (worn) {rF- Regen+ Int+8}
   (You found it on level 1 of the Lair of Beasts)

   It affects your intelligence (+8).
   It makes you vulnerable to fire.
   It increases your rate of regeneration.
 Q - a +2 robe of fire resistance (worn)
 X - the +0 hat of a volcano (worn) {rC++}
   (You found it in a Gauntlet)

   It greatly protects you from cold.
 Y - a +3 buckler of reflection (worn)
Jewellery
 c - a ring of poison resistance (left hand)
 g - a ring of protection from fire
 i - an amulet of regeneration
 p - a +6 ring of intelligence (right hand)
 r - the macabre finger necklace (around neck) {rN+}
   (You took it off a minotaur in a Gauntlet)

   [amulet of nothing]

   It enables you to equip an extra ring.
   It protects you from negative energy.
 M - a +4 ring of protection (on amulet)
 V - the amulet of the Four Winds {rN+ Will+++ Clar}
   (You bought it in a shop on level 14 of the Dungeon)

   [amulet of nothing]

   It protects you from negative energy.
   It affects your willpower, your defense against some magical effects.
   It protects you against confusion.
Wands
 m - a wand of flame (77)
 o - a wand of charming (9)
 C - a wand of paralysis (10)
 J - a wand of mindburst (18)
 K - a wand of iceblast (47)
 N - a wand of polymorph (28)
 Z - a wand of digging (12)
Scrolls
 j - 10 scrolls of identify
 s - 10 scrolls of teleportation
 v - a scroll of holy word
 D - 8 scrolls of fear
 F - 2 scrolls of fog
 G - 4 scrolls of enchant weapon
 I - a scroll of enchant armour
 L - 4 scrolls of magic mapping
 O - a scroll of immolation
 T - 3 scrolls of blinking
Potions
 b - a potion of attraction
 d - 19 potions of curing
 e - 6 potions of flight
 f - 3 potions of invisibility
 h - 4 potions of heal wounds
 k - a potion of berserk rage
 t - 4 potions of might
 u - 3 potions of brilliance
 w - 7 potions of resistance
 E - 3 potions of ambrosia
 H - 4 potions of magic
 R - 5 potions of lignification
 S - 4 potions of mutation
 U - 4 potions of cancellation
 W - 3 potions of haste
Miscellaneous
 x - a condenser vane


   Skills:
 - Level 8.0 Fighting
 - Level 1.1 Short Blades
 - Level 12.0 Dodging
 - Level 22.2 Stealth
 - Level 7.2 Shields
 - Level 7.0 Spellcasting
 - Level 13.1 Hexes
 + Level 8.7 Summonings
 - Level 1.0 Translocations
 - Level 5.0 Ice Magic
 - Level 3.0 Air Magic
 - Level 12.0 Invocations


You had 4 spell levels left.
You knew the following spells:

 Your Spells              Type           Power      Damage    Failure   Level
a - Confusing Touch       Hex            85%        N/A       1%          3
b - Ensorcelled Hibernat  Hex/Ice        100%       N/A       1%          2
c - Tukima's Dance        Hex            85%        N/A       1%          3
d - Dazzling Flash        Conj/Hex       100%       N/A       1%          3
e - Ozocubu's Armour      Ice            50%        N/A       1%          3
f - Silence               Hex/Air        32%        N/A       2%          5
g - Apportation           Tloc           40%        N/A       1%          1
h - Shadow Creatures      Summ           N/A        N/A       12%         6

Your spell library contained the following spells:

 Spells                   Type           Power      Damage    Failure   Level
 Corona                   Hex            94%        N/A       0%          1
 Freeze                   Ice            100%       1d11      1%          1
 Shock                    Conj/Air       96%        1d9       1%          1
 Swiftness                Air            36%        N/A       1%          2
 Frozen Ramparts          Ice            100%       1d12      1%          3
 Inner Flame              Hex/Fire       59%        N/A       1%          3
 Summon Guardian Golem    Hex/Summ       77%        N/A       1%          3
 Cause Fear               Hex            42%        N/A       1%          4
 Fulminant Prism          Conj/Hex       29%        3d14      1%          4
 Summon Ice Beast         Ice/Summ       60%        N/A       1%          4
 Foxfire                  Conj/Fire      52%        2x1d6     2%          1
 Magic Dart               Conj           52%        1d5       2%          1
 Summon Lightning Spire   Summ/Air       55%        N/A       2%          4
 Searing Ray              Conj           26%        3d4       4%          2
 Static Discharge         Conj/Air       24%        N/A       4%          3
 Animate Armour           Summ/Erth      92%        N/A       4%          4
 Lesser Beckoning         Tloc           10%        N/A       5%          3
 Airstrike                Air            18%        N/A       8%          4
 Hailstorm                Conj/Ice       32%        3d8       10%         4
 Iskenderun's Mystic Bla  Conj/Tloc      17%        2d5       22%         4
 Invisibility             Hex            85%        N/A       1%          6
 Lightning Bolt           Conj/Air       12%        1d25      38%         5
 Alistair's Intoxication  Tmut/Pois      8%         N/A       58%         5
 Borgnjor's Vile Clutch   Necr/Erth      6%         N/A       58%         5
 Conjure Ball Lightning   Conj/Air       12%        3x3d6     92%         6
 Dragon Form              Tmut           6%         N/A       100%        7
 Dragon's Call            Summ           34%        N/A       100%        9
 Tornado                  Air            18%        N/A       100%        9


Dungeon Overview and Level Annotations

Branches:
Dungeon (15/15)            Temple (0/1) D:7            Lair (6/6) D:8
 Shoals (0/4) Lair:4       Spider (1/4) Lair:3        Slime (0/5) Lair:5
    Orc (2/2) D:12            Elf (0/3) Orc:2        Vaults (0/5) D:14
 Depths (0/5) D:15          IceCv (visited)         Gauntlet (visited)

Altars:
Dithmenos
Gozag
Makhleb
Nemelex Xobeh
Ru
Trog
Yredelemnul
Beogh

Shops:
D:4 *   D:7 :   D:14 =   D:15 [   Orc:2 :??[


Innate Abilities, Weirdness & Mutations

You are very small and have problems with some larger weapons.
You are too small for most types of armour.
You have supernaturally acute eyesight. (SInv)
You cover ground extremely quickly. (Speed+++)


Message History

The orb spider resists with some effort.
You now have 11/28 mp.
Aiming: Ensorcelled Hibernation (safe; 1% risk of failure)
Press: ? - help, Q - select action, (/) - cycle Shift-Dir - straight line, f/p - orb spider
Aim: an orb spider (fully charged, umbra, chance to affect: 55%)
The orb spider looks drowsy...
Your shadow mimicks your spell!
The orb spider is unaffected.
You now have 9/28 mp.
Aiming: Ensorcelled Hibernation (safe; 1% risk of failure)
Press: ? - help, Q - select action, (/) - cycle Shift-Dir - straight line, f - orb spider, p - orb spider
Aim: an orb spider (fully charged, umbra, chance to affect: 55%)
The orb spider looks drowsy...
Your shadow mimicks your spell!
The orb spider is unaffected.
The orb spider hisses angrily.
You regained 2 hp, and now have 25/85 hp.
You now have 7/28 mp.
The helpless orb spider fails to defend itself.
You skewer the orb spider like a kebab!!!!
You freeze the orb spider!
You kill the orb spider!
Dithmenos accepts your kill.
Casting: Ensorcelled Hibernation (safe; 1% risk of failure)
Confirm with . or Enter, or press ? or * to list all spells.
Wisps of shadow whirl around you...
The orb spider weaves a glowing orb of energy.
An orb of destruction comes into view.
You now have 2/28 mp.
What are your orders? t - Shout!
Orders for allies: a - Attack new target. r - Retreat! s - Stop attacking. g - Guard the area. f - Follow me.
Anything else - Cancel.
Gang up on whom?
Press: ? - help, Dir - move target, f - orb spider
Aim: an orb spider (ally target, umbra) Attack!
The orb of destruction hits you!!!
You die...

##.....)..#
##.....)...#
#......†..#
#.........#
..>.#....###
....^.......#
.....###....###
.#$. #...s☼○.##
##
#..?...@.####
##......s#..#
####.).#...#
#.....>.#
##......#
##.....#
###...# ##
##.....#
..##......#


You could see an orb spider (ally target) and a friendly demonic crawler
(summoned).

Vanquished Creatures
  An ironbound preserver (D:14)
  Nessos (Lair:5)
  2 entropy weavers (Lair:4)
  A dire elephant (Lair:3)
  Snorg (Orc:1)
  3 fire dragons (D:15)
  Harold (D:8)
  Erica (D:8)
  2 boulder beetles
  An anaconda (Lair:6)
  8 hydras
  3 centaur warriors
  A death knight (D:12)
  8 two-headed ogres
  7 death yaks
  A queen ant (Lair:4)
  Urug (D:13)
  3 tengu warriors
  3 orc high priests (Orc:2)
  Nergalle (Lair:1)
  An unseen horror (D:12)
  A wizard (D:12)
  3 wolf spiders
  3 orb spiders (Spider:1)
  6 orc knights
  A deep elf pyromancer (D:12)
  A lindwurm (Lair:4)
  6 orc sorcerers
  An oklob plant (Lair:3)
  2 cyclopes
  17 ugly things
  A guardian serpent (shapeshifter) (D:13)
  A manticore (D:15)
  6 elephants
  Maurice (D:8)
  11 black mambas
  A guardian serpent (Lair:6)
  Maggie (D:9)
  2 centaur skeletons
  7 rime drakes
  24 cane toads
  18 komodo dragons
  A yaktaur (shapeshifter) (D:13)
  An efreet (D:14)
  A freezing wraith (D:14)
  A demonic crawler (Spider:1)
  4 trolls
  21 polar bears
  7 jumping spiders
  A hornet (shapeshifter) (D:14)
  3 hornets (Lair:6)
  14 blink frogs
  23 slime creatures
  A raiju (shapeshifter) (D:15)
  Prince Ribbit (D:7)
  2 raiju (Lair:6)
  A meliai zombie (D:11)
  10 redbacks (Spider:1)
  67 yaks
  18 wyverns
  A shadow (D:12)
  A tarantella (Spider:1)
  A vampire (D:12)
  8 basilisks
  A wraith (D:13)
  Grum (D:9)
  2 steam dragons
  6 wargs
  15 hell hounds (Lair:6)
  3 soldier ants (Lair:4)
  27 water moccasins
  22 orc warriors
  4 ice beasts
  4 sky beasts
  13 black bears
  35 wolves
  15 ogres
  13 centaurs
  3 necrophages
  5 phantoms
  A kobold brigand (D:13)
  3 elf zombies (D:9)
  21 bullfrogs
  A wyvern zombie (D:10)
  A wyvern skeleton (D:11)
  A scorpion (D:10)
  10 killer bees
  A troll skeleton (D:9)
  5 wights (D:12)
  3 howler monkeys
  2 electric eels
  2 centaur zombies
  A quasit (D:11)
  21 orc priests
  7 bullfrog zombies
  8 hounds
  3 human zombies (D:9)
  2 jellies
  3 bullfrog skeletons
  A human skeleton (D:9)
  3 iguanas
  22 orc wizards
  28 worker ants
  2 killer bee zombies
  2 hound skeletons
  The ghost of CurlyBrace the Ducker, a weakling FeMo (D:6)
  3 mummies (D:9)
  A worker ant zombie (D:9)
  14 adders
  5 gnolls
  3 shadow imps
  4 white imps
  2 ufetubi
  An adder skeleton (D:4)
  4 worms
  3 dart slugs
  12 leopard geckos
  73 orcs
  7 bats
  5 giant cockroaches
  7 goblins
  8 hobgoblins
  16 jackals
  3 quokkas
  7 frilled lizards
  12 kobolds
  A leopard gecko zombie (D:5)
  An orc skeleton (D:9)
  A quokka zombie (D:7)
  5 rats
875 creatures vanquished.

Vanquished Creatures (collateral kills)
  A minotaur (Gauntlet)
  A wolf spider (Spider:1)
  A jumping spider (Spider:1)
  A yak (D:13)
  A warg (D:12)
  An orc warrior (D:12)
6 creatures vanquished.

Vanquished Creatures (others)
  4 dancing weapons
  A gnoll (Orc:1)
  A bush (Lair:2)
  39 fungi
  125 plants
  8 toadstools (Lair:3)
178 creatures vanquished.

Grand Total: 1059 creatures vanquished

Notes
Turn   | Place    | Note
-------+----------+-------------------------------------------
     0 | D:1      | jasper the Spriggan Enchanter began the quest for the Orb.
     0 | D:1      | Reached XP level 1. HP: 9/9 MP: 5/5
   442 | D:1      | Reached XP level 2. HP: 13/13 MP: 6/6
   445 | D:1      | Learned a level 2 spell: Ensorcelled Hibernation
   789 | D:1      | Reached skill level 5 in Stealth
  1311 | D:2      | Reached XP level 3. HP: 16/16 MP: 1/8
  1574 | D:2      | Found a shadowy altar of Dithmenos.
  1691 | D:2      | Became a worshipper of Dithmenos the Shadowed
  1797 | D:2      | Reached XP level 4. HP: 21/21 MP: 9/9
  1827 | D:2      | Reached skill level 6 in Stealth
  2123 | D:2      | Found a burning altar of Makhleb.
  2125 | D:2      | Noticed a cacodemon
  2447 | D:2      | Learned a level 3 spell: Confusing Touch
  2451 | D:2      | Learned a level 3 spell: Tukima's Dance
  3405 | D:4      | Noticed a sky beast
  3498 | D:4      | Killed a sky beast
  3499 | D:4      | Reached skill level 7 in Stealth
  3499 | D:4      | Reached skill level 5 in Hexes
  3499 | D:4      | Reached XP level 5. HP: 24/24 MP: 0/10
  3830 | D:4      | You fall into a shaft and drop 3 floors!
  3972 | D:6      | Reached XP level 6. HP: 21/28 MP: 8/11
  4047 | D:6      | Identified the +0 leather armour of Purpose {Str+2}
  4077 | D:6      | Found a sacrificial altar of Ru.
  4351 | D:5      | Entered Level 5 of the Dungeon
  4499 | D:4      | Reached skill level 8 in Stealth
  4796 | D:4      | Reached skill level 5 in Dodging
  4842 | D:4      | Reached XP level 7. HP: 32/32 MP: 12/12
  4873 | D:4      | Found Oggad's Assorted Antiques.
  4883 | D:4      | Bought a scroll of identify for 60 gold pieces
  4883 | D:4      | Bought a scroll labelled OTESEC XIH for 30 gold pieces
  4883 | D:4      | Bought an emerald potion for 27 gold pieces
  4883 | D:4      | Bought a red potion for 27 gold pieces
  5249 | D:1      | Reached skill level 9 in Stealth
  5555 | D:1      | Reached * piety under Dithmenos
  7551 | D:4      | Reached ** piety under Dithmenos
  7563 | D:4      | Reached skill level 10 in Stealth
  7670 | D:4      | Reached XP level 8. HP: 36/36 MP: 5/13
  8239 | D:5      | Found an opulent altar of Gozag.
  8748 | D:6      | Reached skill level 11 in Stealth
  9256 | D:6      | Found a runed translucent door.
  9261 | D:6      | Learned a level 3 spell: Dazzling Flash
  9270 | D:6      | Noticed CurlyBrace's ghost (weakling FeMo)
  9633 | D:6      | Killed CurlyBrace's ghost
  9794 | D:7      | Reached skill level 1 in Ice Magic
  9796 | D:7      | Found a staircase to the Ecumenical Temple.
  9896 | D:7      | Found Cotoschoe's Book Shop.
  9938 | D:7      | Reached skill level 12 in Stealth
  9939 | D:7      | Reached *** piety under Dithmenos
 10142 | D:7      | Found a bloodstained altar of Trog.
 10237 | D:7      | Reached XP level 9. HP: 39/39 MP: 14/14
 10377 | D:8      | Noticed Maurice
 10392 | D:8      | Noticed Harold
 10444 | D:8      | Killed Harold
 10445 | D:8      | Reached skill level 13 in Stealth
 10452 | D:8      | Noticed Prince Ribbit
 10456 | D:7      | Killed Prince Ribbit
 10662 | D:8      | Noticed Erica
 10687 | D:8      | Killed Erica
 10688 | D:8      | Reached skill level 14 in Stealth
 10688 | D:8      | Reached skill level 10 in Hexes
 10752 | D:8      | Reached XP level 10. HP: 44/44 MP: 15/15
 10952 | D:8      | Found a staircase to the Lair.
 11130 | D:8      | Killed Maurice
 11131 | D:8      | Reached skill level 15 in Stealth
 11477 | D:8      | Noticed a two-headed ogre
 11586 | D:8      | Killed a two-headed ogre
 12039 | D:9      | Found a sparkling altar of Nemelex Xobeh.
 12090 | D:9      | Noticed a two-headed ogre
 12097 | D:9      | Killed a two-headed ogre
 12098 | D:9      | Reached skill level 10 in Dodging
 12098 | D:9      | Reached skill level 16 in Stealth
 12128 | D:9      | Learned a level 3 spell: Ozocubu's Armour
 12225 | D:9      | Noticed Grum
 12238 | D:9      | Killed Grum
 12442 | D:9      | Found a basalt altar of Yredelemnul.
 12450 | D:9      | Reached XP level 11. HP: 48/48 MP: 16/16
 12604 | D:9      | Noticed Maggie
 12633 | D:9      | Killed Maggie
 12766 | D:9      | Reached skill level 1 in Fighting
 12811 | D:10     | Entered Level 10 of the Dungeon
 12816 | D:10     | Noticed a centaur warrior
 12823 | D:10     | Killed a centaur warrior
 13280 | D:10     | Reached **** piety under Dithmenos
 13303 | D:10     | Reached skill level 17 in Stealth
 13772 | D:11     | Noticed a wolf spider
 13781 | D:11     | Noticed a green ugly thing
 13782 | D:11     | Killed a wolf spider
 13798 | D:10     | Killed a green ugly thing
 13825 | D:11     | Found a frozen archway.
 13840 | IceCv    | Entered an ice cave
 14307 | IceCv    | Reached skill level 18 in Stealth
 14512 | IceCv    | Noticed a frost giant
 14740 | D:11     | Noticed a two-headed ogre
 14746 | D:11     | Killed a two-headed ogre
 14879 | D:11     | Noticed a two-headed ogre
 14889 | D:11     | Killed a two-headed ogre
 14890 | D:11     | Reached XP level 12. HP: 58/58 MP: 17/17
 15502 | Lair:1   | Entered Level 1 of the Lair of Beasts
 15548 | Lair:1   | Noticed Nergalle
 15554 | Lair:1   | Killed Nergalle
 15674 | Lair:1   | Reached skill level 19 in Stealth
 16202 | Lair:1   | Identified the +2 cloak "Qoucyqi" {rF- Regen+ Int+8}
 16559 | Lair:2   | Reached skill level 5 in Fighting
 16561 | Lair:2   | Reached skill level 5 in Ice Magic
 16787 | Lair:2   | Reached skill level 20 in Stealth
 16887 | Lair:2   | Noticed a seven-headed hydra
 16895 | Lair:2   | Killed a seven-headed hydra
 16896 | Lair:2   | Reached skill level 1 in Invocations
 17326 | Lair:2   | Noticed a six-headed hydra
 17340 | Lair:2   | Killed a six-headed hydra
 17769 | Lair:3   | Found a hole to the Spider Nest.
 17784 | Lair:3   | Reached XP level 13. HP: 30/65 MP: 5/18
 18592 | Lair:3   | Noticed a dire elephant
 18592 | Lair:3   | Noticed a dire elephant
 18608 | Lair:3   | Reached skill level 21 in Stealth
 18787 | D:7      | Bought a book of Dreams for 825 gold pieces
 19163 | Lair:3   | Found a runed translucent door.
 19504 | Lair:3   | Reached skill level 5 in Invocations
 19690 | Lair:4   | Learned a level 5 spell: Silence
 19690 | Lair:4   | Found a staircase to the Shoals.
 20030 | Lair:4   | Reached skill level 1 in Air Magic
 20315 | Lair:4   | Noticed an entropy weaver
 20316 | Lair:4   | Noticed an entropy weaver
 20326 | Lair:4   | Killed an entropy weaver
 20327 | Lair:4   | Reached skill level 5 in Spellcasting
 20327 | Lair:4   | Reached ***** piety under Dithmenos
 20329 | Lair:4   | Killed an entropy weaver
 20442 | Lair:3   | Learned a level 1 spell: Apportation
 20601 | Lair:4   | Reached skill level 1 in Translocations
 21048 | Lair:4   | Reached XP level 14. HP: 72/72 MP: 13/24
 21872 | Lair:3   | Learned a level 6 spell: Shadow Creatures
 22139 | Lair:5   | Found a staircase to the Slime Pits.
 22320 | Lair:5   | Reached skill level 1 in Summonings
 22480 | Lair:5   | Noticed Nessos
 22484 | Lair:5   | Killed Nessos
 22485 | Lair:5   | Reached skill level 22 in Stealth
 23488 | Lair:6   | Entered Level 6 of the Lair of Beasts
 24797 | Lair:6   | Reached skill level 10 in Invocations
 24875 | Lair:6   | Identified the +0 buckler of the Monkey's Uncle {rCorr MP+9
                  | Str+4}
 25470 | Lair:6   | Reached XP level 15. HP: 77/77 MP: 19/26
 25666 | Lair:6   | Reached ****** piety under Dithmenos
 26498 | D:12     | Reached skill level 1 in Shields
 26950 | D:12     | Found a staircase to the Orcish Mines.
 27165 | Orc:1    | Entered Level 1 of the Orcish Mines
 27526 | Orc:1    | Noticed Snorg
 27549 | Orc:1    | Killed Snorg
 27770 | Orc:1    | Found a bloodstained altar of Trog.
 27863 | Orc:2    | Entered Level 2 of the Orcish Mines
 28243 | Orc:2    | Found a staircase to the Elven Halls.
 28438 | Orc:2    | Found Jutecetu's Book Emporium.
 28488 | Orc:2    | Reached skill level 5 in Shields
 28868 | Orc:2    | Found Xewodwufi's Magic Scroll Emporium.
 28992 | Orc:2    | Found Soedophotto's Armour Boutique.
 28992 | Orc:2    | Found Eprolore's Magic Scroll Boutique.
 29050 | Orc:2    | Bought 2 scrolls of blinking for 240 gold pieces
 29060 | Orc:2    | Bought a scroll of teleportation for 45 gold pieces
 29060 | Orc:2    | Bought a scroll of enchant armour for 112 gold pieces
 29060 | Orc:2    | Bought a scroll of teleportation for 45 gold pieces
 29060 | Orc:2    | Bought a scroll of enchant armour for 112 gold pieces
 29070 | Orc:2    | Bought a scroll of teleportation for 48 gold pieces
 29070 | Orc:2    | Bought a scroll of fear for 56 gold pieces
 29070 | Orc:2    | Bought a scroll of immolation for 56 gold pieces
 29835 | D:13     | Reached XP level 16. HP: 81/81 MP: 27/27
 30069 | D:13     | Noticed Urug
 30084 | D:13     | Killed Urug
 30533 | D:14     | Found Pimmu's Jewellery Emporium.
 30537 | D:14     | Bought the amulet of the Four Winds {rN+ Will+++ Clar} for
                  | 526 gold pieces
 30537 | D:14     | Found the amulet of the Four Winds {rN+ Will+++ Clar}
 30592 | D:14     | Found a gate to the Vaults.
 30606 | D:14     | Found a gate leading to a gauntlet.
 30613 | Gauntlet | Entered a Gauntlet
 30613 | Gauntlet | Found a transporter.
 30613 | Gauntlet | Found a transporter.
 30614 | Gauntlet | Found a transporter.
 30616 | Gauntlet | Found a transporter.
 30617 | Gauntlet | Found a transporter.
 30631 | Gauntlet | Found a transporter.
 30641 | Gauntlet | Found a transporter.
 30646 | Gauntlet | Found a transporter.
 30667 | Gauntlet | Found a transporter.
 30669 | Gauntlet | Found a transporter.
 30679 | Gauntlet | Found a transporter.
 30741 | Gauntlet | Found a transporter.
 30902 | Gauntlet | Identified the +0 hat of a volcano {rC++}
 31021 | Gauntlet | Identified the +1 mace of Diet Blood {venom, +Inv Dex+3}
 31100 | D:14     | Reached skill level 5 in Summonings
 31159 | D:14     | Identified An Early Guide to the Arcane Arts
 31323 | D:14     | Reached XP level 17. HP: 85/85 MP: 28/28
 31457 | D:14     | Found the +12 glaive of Prune {vorpal}
 31916 | D:15     | Entered Level 15 of the Dungeon
 32071 | D:15     | Found Hiaz's Armour Shop.
 32089 | D:15     | Bought a +1 buckler of reflection for 175 gold pieces
 32373 | D:15     | Found a staircase to the Depths.
 32892 | D:14     | Bought a ring of poison resistance for 240 gold pieces
 33124 | Spider:1 | Entered Level 1 of the Spider Nest
 33524 | Spider:1 | Blown up by an orb spider

Illustrated notes

Levels and vault maps discovered:
D:1:      wheals_arrival_shading, layout_basic
D:2:      layout_loops_cross, nicolae_dithmenos_shadow_blocks,
          minmay_misc_feat_enclosed, makhleb_altar_promises_db
D:3:      layout_basic
D:4:      layout_loops_corners, serial_shops, nicolae_shop_window_shopping,
          minmay_liquid_box
D:5:      layout_loops_ring, grunt_gozag_statues, minmay_misc_feat_columns
D:6:      layout_cave_pods, old_standard_altar, serial_park, serial_park_gazebo
          [serial_park_minivault_5x5_3], ebering_ghost_reflecting_pool,
          serial_bayou_pond_d, solitary_fountain, kennysheep_cross_bottleneck
D:7:      layout_loops_cross, lightli_temple_of_fire,
          minmay_temple_entry_from_below_a, serial_shops, shop
D:8:      layout_cave_pools, erik_lair_dragon, uniq_prince_ribbit1,
          uniq_maurice, uniq_erica, uniq_harold
D:9:      layout_small_grid, lemuel_mausoleum_altar_yredelemnul,
          nemelex_spade_bored_becter, uniq_maggie, uniq_grum
D:10:     layout_loops_cross
D:11:     layout_long_grid, portal_ice_cave_rime, dk_noncrumbling_4
D:12:     layout_cave_pools, orc_0_dummy
D:13:     layout_cave_pools, nicolae_lava_and_water, blue_anna_alchemist
          [blue_anna_fruit_fields, blue_anna_fruit_fields], uniq_urug
D:14:     layout_irregular_city, skrybe_vaults_entry_preservation,
          hangedman_abyss_or_decor_lesser_grid, gauntlet_entry_generic,
          serial_shops, kennysheep_mini, minivault_12
D:15:     grunt_enter_depths_hoard, layout_gridville, serial_shops,
          shop_fountains, grunt_decor_one_mirror, minmay_statues_item
Lair:1:   layout_regular_city, uniq_nergalle
Lair:2:   layout_misc_corridors, wad_woods_road_01, grunt_megastairs_2,
          lemuel_fruit_tree
Lair:3:   gammafunk_lair_enchanted_lake, layout_regular_city,
          spider_nest_entry_a, grunt_megastairs_4
Lair:4:   nzn_winding_woodlands_medium [nzn_winding_woodlands_5x5_perimeter,
          nzn_winding_woodlands_5x15_river_crossing,
          nzn_winding_woodlands_5x5_default,
          nzn_winding_woodlands_5x5_checkerboard,
          nzn_winding_woodlands_center_pierced_h,
          nzn_winding_woodlands_5x5_default, nzn_winding_woodlands_5x5_default,
          nzn_winding_woodlands_5x15_pool, nzn_winding_woodlands_5x5_three],
          layout_big_grid, minmay_shoals_entry_centaurs, minmay_another_anthill,
          grunt_megastairs_3, serial_bayou_shore_b, serial_bayou_shore_b
Lair:5:   layout_layer_cave, slime_dummy, chequers_serial_rivers_large_a,
          eino_small_chamber_without_monster, st_stairs_7, uniq_nessos
Lair:6:   hangedman_lair_caniforms_friends, layout_small_grid,
          hangedman_lair_tendril_chambers
Spider:1: layout_spider_delve
Orc:1:    layout_diamond_mine, trog_book, uniq_snorg
Orc:2:    st_orc_elflike, layout_caves, basic_altar, nicolae_orc_rockfall,
          nicolae_orc_bridge_out

Skill      XL: |  1  2  3  4  5  6  7  8  9 10 11 12 13 14 15 16 17 |
---------------+----------------------------------------------------+-----
Dodging        | 3 4 5 7 8 10 12 | 12.0
Hexes          | 4 5 6 7 9 10 11 13 | 13.1
Spellcasting   | 3 6 7 |  7.0
Stealth        | 5 7 8 10 12 14 16 18 20 21 22 | 22.2
Ice Magic      | 1 3 5 |  5.0
Fighting       | 3 6 7 8 |  8.0
Invocations    | 3 6 11 12 | 12.0
Air Magic      | 3 |  3.0
Translocations | 1 |  1.0
Summonings     | 3 6 8 |  8.7
Shields        | 6 7 |  7.2
Short Blades   | |  1.1

Action                   |  1- 3 |  4- 6 |  7- 9 | 10-12 | 13-15 | 16-18 || total
-------------------------+-------+-------+-------+-------+-------+-------++-------
Melee: Dagger            |    71 |    97 |   287 |   338 |   756 |   140 ||  1689
       Morningstar       |       |       |    13 |    59 |       |       ||    72
       Scimitar          |       |       |       |     9 |       |       ||     9
Throw: Dart              |       |       |     3 |       |       |       ||     3
 Cast: Corona            |     4 |       |       |       |       |       ||     4
       Ensorcelled Hiber |    33 |    40 |    98 |   139 |   443 |   101 ||   854
       Confusing Touch   |       |     4 |     9 |    21 |    43 |     3 ||    80
       Dazzling Flash    |       |       |       |     1 |     4 |     3 ||     8
       Ozocubu's Armour  |       |       |       |     1 |     1 |     1 ||     3
       Tukima's Dance    |       |       |       |       |     2 |     4 ||     6
       Silence           |       |       |       |       |     1 |       ||     1
       Shadow Creatures  |       |       |       |       |       |     3 ||     3
Invok: Shadow Step       |       |       |     3 |     6 |     4 |       ||    13
 Abil: Evoke Flight      |       |       |       |     2 |       |       ||     2
Evoke: Wand              |       |       |     1 |       |     4 |       ||     5
       Condenser vane    |       |       |       |       |     3 |     1 ||     4
  Use: Scroll            |       |     5 |    15 |     9 |     6 |     3 ||    38
       Potion            |       |       |       |     3 |     3 |       ||     6
 Stab: Sleeping          |    25 |    29 |    93 |   148 |   333 |    91 ||   719
       Confused          |       |     5 |     8 |    30 |    42 |     4 ||    89
       Invisible         |       |       |     1 |     2 |     2 |       ||     5
       Distracted        |       |       |       |     1 |     1 |       ||     2
Armor: Robe              |     3 |    11 |    21 |    60 |   145 |    18 ||   258
Dodge: Dodged            |    44 |    56 |   155 |   508 |   947 |   108 ||  1818
Block: Buckler           |       |       |       |       |   132 |    58 ||   190
       Rpst.: Scimitar   |       |       |       |     4 |       |       ||     4

Table legend: (Time is in decaauts)
 A = Elapsed time spent in this place.
 B = Non-inter-level travel time spent in this place.
 C = Inter-level travel time spent in this place.
 D = Time resting spent in this place.
 E = Time spent auto-exploring this place.
 F = Levels seen in this place.
 G = Mean time per level.
                   A        B        C        D        E       F      G
               +--------+--------+--------+--------+--------+-----+--------+
         Total |  25864 |  24599 |   1265 |   4543 |  13651 |  26 |  994.8 |
       Dungeon |  14447 |  13630 |    817 |   2687 |   7546 |  15 |  963.1 |
          Lair |   8464 |   8064 |    400 |   1307 |   4712 |   6 | 1410.7 |
   Spider Nest |    356 |    356 |      0 |     95 |    152 |   1 |  356.0 |
  Orcish Mines |   1570 |   1523 |     47 |     44 |   1037 |   2 |  785.0 |
      Ice Cave |    716 |    716 |      0 |    324 |    112 |   1 |  716.0 |
      Gauntlet |    310 |    310 |      0 |     84 |     89 |   1 |  310.0 |
               +--------+--------+--------+--------+--------+-----+--------+

Top non-repeatable levels by time:
  Lair:6: 2217 daAuts
     D:4: 1705 daAuts
  Lair:4: 1701 daAuts
  Lair:3: 1651 daAuts
     D:2: 1447 daAuts
     D:3: 1437 daAuts
     D:1: 1284 daAuts
     D:8: 1185 daAuts
   Orc:2: 1131 daAuts
  Lair:2: 1114 daAuts
     D:6: 1085 daAuts
  Lair:5: 956 daAuts
  Lair:1: 823 daAuts
    D:14: 785 daAuts
    D:13: 769 daAuts
